 Dungeon Crawl Stone Soup version 0.26-a0-694-g74916bafe0 (webtiles) character file.

Game seed: 17530637473052843783

32 Peloso the Covered (level 3, -2/33 HPs)
             Began as a Minotaur Fighter on Oct 25, 2020.
             Hit by a boomerang thrown by an orc (3 damage)
             ... on level 2 of the Dungeon.
             The game lasted 00:01:55 (759 turns).

Peloso the Covered (Minotaur Fighter)                Turns: 759, Time: 00:01:55

Health: -2/33      AC:  7    Str: 20    XL:     3   Next: 8%
Magic:  2/2        EV:  7    Int:  5    God:
Gold:   108        SH: 10    Dex: 10    Spells: 2/2 levels left

rFire    . . .     SeeInvis .   a - +0 long sword
rCold    . . .     Faith    .   c - +1 kite shield
rNeg     . . .     Spirit   .   b - +0 scale mail
rPois    .         Reflect  .   (helmet restricted)
rElec    .         Harm     .   (no cloak)
rCorr    .         Rampage  .   (no gloves)
MR       .....                  (no boots)
Stlth    ..........             (no amulet)
HPRegen  0.11/turn              (no ring)
MPRegen  0.08/turn              (no ring)

@: lethally poisoned (-2 -> -7)
A: retaliatory headbutt, horns 2
a: no special abilities


You were on level 2 of the Dungeon.
You visited 1 branch of the dungeon, and saw 2 of its levels.

You collected 108 gold pieces.

Inventory:

Hand Weapons
 a - a +0 long sword (weapon)
Armour
 b - a +0 scale mail (worn)
 c - a +1 kite shield (worn)
Jewellery
 f - a cursed -4 ring of strength {unknown}
Scrolls
 e - a scroll of teleportation
 g - a scroll of identify {unknown}
 h - 2 scrolls of remove curse {unknown}
 i - a scroll of amnesia
Potions
 d - a potion of might


   Skills:
 + Level 3.9 Fighting
 + Level 2.9 Long Blades
 + Level 4.3 Armour
 + Level 4.0 Shields


You had 2 spell levels left.
You didn't know any spells.
Your spell library was empty.

Dungeon Overview and Level Annotations

Branches:
Dungeon (2/15)

Altars:


Innate Abilities, Weirdness & Mutations

You reflexively headbutt those who attack you in melee.
You have a pair of horns on your head.


Message History

The weapon returns to the orc!
* * * LOW HITPOINT WARNING * * *
You feel sick.
* * * LOW HITPOINT WARNING * * *
You feel sick.
* * * LOW HITPOINT WARNING * * *
You feel sick.
* * * LOW HITPOINT WARNING * * *
You feel sick.
* * * LOW HITPOINT WARNING * * *
You feel sick.
The orc throws a boomerang.
The boomerang hits you but does no damage.
The orc throws a boomerang.
You block the boomerang.
The weapon returns to the orc!
The orc throws a boomerang.
You block the boomerang.
The weapon returns to the orc!
The orc throws a boomerang.
You block the boomerang.
The weapon returns to the orc!
* * * LOW HITPOINT WARNING * * *
You feel sick.
The orc throws a boomerang.
The boomerang hits you.
You die...

... #..#.# #........# #
#..#.# #........#
####+#....### #........#
#.........o...# #........#
#.........o...# #........#
#.............# #........#
#.............# #........#
+............o# #........#
#...........@.####........#
#.........................#
#.......................###
#......)................#
#.............[.........#
#.......................#
#............)...(......#
#.......................#
#[.........#####..........#


You could see 3 orcs.

Vanquished Creatures
  A dart slug (D:2)
  A leopard gecko (D:1)
  2 orcs (D:2)
  A giant cockroach (D:1)
  4 hobgoblins (D:1)
  2 kobolds
  A ball python (D:1)
  3 bats (D:1)
  A frilled lizard (D:1)
  4 goblins
  8 rats
28 creatures vanquished.

Notes
Turn   | Place    | Note
-------+----------+-------------------------------------------
     0 | D:1      | Peloso the Minotaur Fighter began the quest for the Orb.
     0 | D:1      | Reached XP level 1. HP: 19/19 MP: 0/0
    38 | D:1      | Reached XP level 2. HP: 27/27 MP: 1/1
   732 | D:2      | Reached XP level 3. HP: 25/33 MP: 2/2
   759 | D:2      | HP: 1/33 [poisoned by an orc]
   759 | D:2      | Hit by a boomerang thrown by an orc

Illustrated notes

Levels and vault maps discovered:
D:1:      tarquinn_simple_flora_water_d, layout_rooms
D:2:      layout_basic, kiku_gazebo_pond_becter

Skill      XL: |  1  2 |
---------------+-------+-----
Armour         | 4 |  4.3
Shields        | 4 |  4.0
Fighting       | |  3.9
Long Blades    | |  2.9

Action                   || total
-------------------------++-------
Melee: Long sword        ||    49
       Headbutt          ||     8
  Use: Scroll            ||     6
       Potion            ||     3
Armor: Scale mail        ||    25
Dodge: Dodged            ||    22
Block: Kite shield       ||    36
       Rpst.: Long sword ||     7

Table legend: (Time is in decaauts)
 A = Elapsed time spent in this place.
 B = Non-inter-level travel time spent in this place.
 C = Inter-level travel time spent in this place.
 D = Time resting spent in this place.
 E = Time spent auto-exploring this place.
 F = Levels seen in this place.
 G = Mean time per level.
                   A        B        C        D        E       F      G
               +--------+--------+--------+--------+--------+-----+--------+
         Total |    776 |    760 |     16 |    134 |    422 |   2 |  388.0 |
       Dungeon |    776 |    760 |     16 |    134 |    422 |   2 |  388.0 |
               +--------+--------+--------+--------+--------+-----+--------+

Top non-repeatable levels by time:
     D:1: 556 daAuts
     D:2: 219 daAuts
